TOP OF THE 1ST |
---|
Saint John's Red Storm batting - Pitching for Nebraska Cornhuskers : LHP Darrell Gil | Pitching: LHP Darrell Gil | | Batting: SHB Roderick Thurman | 0-0: Ball 1-0: Ball 2-0: Called Strike 2-1: SINGLE (Groundball, 6MD) | Batting: LHB Larry Bradley | 0-0: Ball 1-0: Foul Ball, location: 2F 1-1: Ball 2-1: Foul Ball, location: 2F 2-2: Ball 3-2: Foul Ball, location: 2F 3-2: Strikes out swinging | Batting: LHB Richard Shelton | 0-0: Ball Roderick Thurman is caught stealing 2nd base 1-0: Ball 2-0: Foul Ball, location: 2F 2-1: Ground out 4-3 (Groundball, 4) | Top of the 1st over - 0 runs, 1 hit, 0 errors, 0 left on base; Saint John's 0 - Nebraska 0 | BOTTOM OF THE 1ST |
---|
Nebraska Cornhuskers batting - Pitching for Saint John's Red Storm : RHP Daniel Bishop | Pitching: RHP Daniel Bishop | | Batting: RHB Ronald Hodge | 0-0: Ball 1-0: Ball 2-0: Foul Ball, location: 2F 2-1: Ball 3-1: Base on Balls | Batting: LHB Scott Perkins | 0-0: Ball Ronald Hodge is caught stealing 2nd base 1-0: Ball 2-0: Foul Ball, location: 2F 2-1: Fly out, F6 (Line Drive, 6) | Batting: LHB Luis García | 0-0: Ball 1-0: Ball 2-0: Ball 3-0: Base on Balls | Batting: RHB Guy Bullard | 0-0: Swinging Strike Pickoff Throw by Catcher to First - Out! | Bottom of the 1st over - 0 runs, 0 hits, 0 errors, 0 left on base; Saint John's 0 - Nebraska 0 | TOP OF THE 2ND |
---|
Saint John's Red Storm batting - Pitching for Nebraska Cornhuskers : LHP Darrell Gil | Batting: SHB Javier Rosado | 0-0: Swinging Strike 0-1: Called Strike 0-2: Ball 1-2: Ball 2-2: Ball 3-2: Strikes out swinging | Batting: LHB Roger Faulkner | 0-0: Foul Ball, location: 2F 0-1: Ball 1-1: Called Strike 1-2: SINGLE (Groundball, 4) (infield hit) | Batting: SHB Timothy McBride | 0-0: Ball 1-0: Ball 2-0: Called Strike 2-1: Called Strike 2-2: Strikes out swinging | Batting: RHB Mark Lester | 0-0: Ball 1-0: Ball 2-0: Foul Ball, location: 2F 2-1: Ball 3-1: Base on Balls Roger Faulkner to second | Batting: RHB Jarrod Campbell | 0-0: Ball 1-0: Ball 2-0: Ball 3-0: Called Strike 3-1: Base on Balls Roger Faulkner to third Mark Lester to second | Batting: RHB Pete King | 0-0: Ground out 4-3 (Groundball, 4) | Top of the 2nd over - 0 runs, 1 hit, 0 errors, 3 left on base; Saint John's 0 - Nebraska 0 | BOTTOM OF THE 2ND |
---|
Nebraska Cornhuskers batting - Pitching for Saint John's Red Storm : RHP Daniel Bishop | Batting: RHB Guy Bullard | 0-0: Ball 1-0: Fly out, F9 (Flyball, 89M) | Batting: SHB David Stanley | 0-0: Foul Ball, location: 2F 0-1: Swinging Strike 0-2: Strikes out swinging | Batting: RHB John Carr | 0-0: Called Strike 0-1: Foul Ball, location: 2F 0-2: Fly out, F7 (Flyball, 7D) | Bottom of the 2nd over - 0 runs, 0 hits, 0 errors, 0 left on base; Saint John's 0 - Nebraska 0 | TOP OF THE 3RD |
---|
Saint John's Red Storm batting - Pitching for Nebraska Cornhuskers : LHP Darrell Gil | Batting: SHB Roderick Thurman | 0-0: Ball 1-0: Foul Ball, location: 2F 1-1: Foul Ball, location: 2F 1-2: Foul Ball, location: 2F 1-2: SINGLE (Groundball, 3D) | Batting: LHB Larry Bradley | 0-0: Ball 1-0: Ball 2-0: Ball 3-0: Called Strike 3-1: Foul Ball, location: 2F 3-2: Strikes out looking | Batting: LHB Richard Shelton | 0-0: Ball Wild Pitch! Roderick Thurman to second 1-0: Called Strike 1-1: Called Strike 1-2: Foul Ball, location: 2F 1-2: Foul Ball, location: 2F 1-2: Ball 2-2: Ball 3-2: Fly out, F7 (Flyball, 7) | Batting: SHB Javier Rosado | 0-0: Foul Ball, location: 2F 0-1: Called Strike 0-2: Foul Ball, location: 2F 0-2: Ball 1-2: Ball 2-2: SINGLE (Flyball, 78M) Roderick Thurman to third Runner from 3rd tries for Home, SAFE, no throw | Batting: LHB Roger Faulkner | 0-0: Foul Ball, location: 2F 0-1: Ball 1-1: Ball 2-1: Foul Ball, location: 2F 2-2: Fly out, F3 (Line Drive, 3) | Top of the 3rd over - 1 run, 2 hits, 0 errors, 1 left on base; Saint John's 1 - Nebraska 0 | BOTTOM OF THE 3RD |
---|
Nebraska Cornhuskers batting - Pitching for Saint John's Red Storm : RHP Daniel Bishop | Batting: LHB Edmund Bilbrey | 0-0: Ball 1-0: Fly out, F8 (Flyball, 8LS) | Batting: RHB Pedro Martínez | 0-0: Ball 1-0: Ball 2-0: Ball 3-0: Base on Balls | Batting: SHB Conner Whitney | 0-0: Foul Ball, location: 2F 0-1: Ball Pickoff Throw to First - Out! 1-1: Ball 2-1: Ball 3-1: Base on Balls | Batting: RHB Ronald Hodge | 0-0: Ball 1-0: Ball 2-0: Ball 3-0: Base on Balls Conner Whitney to second | Batting: LHB Scott Perkins | 0-0: Ball 1-0: Called Strike 1-1: Ball 2-1: Ball 3-1: Ground out U3 (Groundball, 34) | Bottom of the 3rd over - 0 runs, 0 hits, 0 errors, 2 left on base; Saint John's 1 - Nebraska 0 | TOP OF THE 4TH |
---|
Saint John's Red Storm batting - Pitching for Nebraska Cornhuskers : LHP Darrell Gil | Batting: SHB Timothy McBride | 0-0: SINGLE (Groundball, 2L) (infield hit) | Batting: RHB Mark Lester | 0-0: Ball 1-0: Ball 2-0: Ball 3-0: Base on Balls Timothy McBride to second | Batting: RHB Jarrod Campbell | 0-0: Called Strike 0-1: SINGLE (Line Drive, 34) Timothy McBride to third Mark Lester to second | Batting: RHB Pete King | 0-0: Called Strike 0-1: Ball 1-1: Foul Ball, location: 2F 1-2: Strikes out swinging | Pitching: RHP Júlio Ramos | | Batting: SHB Roderick Thurman | 0-0: Ball 1-0: Called Strike 1-1: Ball 2-1: Foul Ball, location: 2F 2-2: Strikes out looking | Batting: LHB Larry Bradley | 0-0: Fly out, F9 (Flyball, 89D) | Top of the 4th over - 0 runs, 2 hits, 0 errors, 3 left on base; Saint John's 1 - Nebraska 0 | BOTTOM OF THE 4TH |
---|
Nebraska Cornhuskers batting - Pitching for Saint John's Red Storm : RHP Daniel Bishop | Batting: LHB Luis García | 0-0: Ball 1-0: Called Strike 1-1: Ground out 4-3 (Groundball, 4) | Batting: RHB Guy Bullard | 0-0: Ground out 5-3 (Groundball, 56S) | Batting: SHB David Stanley | 0-0: Ball 1-0: Ball 2-0: Ball 3-0: Called Strike 3-1: Ground out 4-3 (Groundball, 4) | Bottom of the 4th over - 0 runs, 0 hits, 0 errors, 0 left on base; Saint John's 1 - Nebraska 0 | TOP OF THE 5TH |
---|
Saint John's Red Storm batting - Pitching for Nebraska Cornhuskers : RHP Júlio Ramos | Batting: LHB Richard Shelton | 0-0: Ball 1-0: Ball 2-0: Foul Ball, location: 2F 2-1: Ball 3-1: Fly out, F3 (Popup, 34S) | Batting: SHB Javier Rosado | 0-0: Ball 1-0: Ball 2-0: SOLO HOME RUN (Flyball, 9D), Distance : 342 ft | Batting: LHB Roger Faulkner | 0-0: Fly out, F8 (Line Drive, 8LM) | Batting: SHB Timothy McBride | 0-0: Called Strike 0-1: Swinging Strike 0-2: Strikes out swinging, 2-3 out at first. | Top of the 5th over - 1 run, 1 hit, 0 errors, 0 left on base; Saint John's 2 - Nebraska 0 | BOTTOM OF THE 5TH |
---|
Nebraska Cornhuskers batting - Pitching for Saint John's Red Storm : RHP Daniel Bishop | Batting: RHB John Carr | 0-0: Called Strike 0-1: Fly out, F6 (Flyball, 4MD) | Batting: LHB Edmund Bilbrey | 0-0: Ball 1-0: Foul Ball, location: 2F 1-1: Fly out, F8 (Flyball, 8RD) | Batting: RHB Pedro Martínez | 0-0: Ground out 1-3 (Groundball, 13S) | Bottom of the 5th over - 0 runs, 0 hits, 0 errors, 0 left on base; Saint John's 2 - Nebraska 0 | TOP OF THE 6TH |
---|
Saint John's Red Storm batting - Pitching for Nebraska Cornhuskers : RHP Júlio Ramos | Batting: RHB Mark Lester | 0-0: Ball 1-0: Called Strike 1-1: Ball 2-1: Foul Ball, location: 2F 2-2: Strikes out looking | Batting: RHB Jarrod Campbell | 0-0: Ball 1-0: Called Strike 1-1: SINGLE (Groundball, 56D) | Batting: RHB Pete King | 0-0: Called Strike 0-1: Swinging Strike 0-2: Strikes out swinging | Batting: SHB Roderick Thurman | 0-0: Ball 1-0: Foul Ball, location: 2F 1-1: Foul Ball, location: 2F 1-2: Ball 2-2: Ball 3-2: Fly out, F7 (Line Drive, 7S) | Top of the 6th over - 0 runs, 1 hit, 0 errors, 1 left on base; Saint John's 2 - Nebraska 0 | BOTTOM OF THE 6TH |
---|
Nebraska Cornhuskers batting - Pitching for Saint John's Red Storm : RHP Daniel Bishop | Batting: SHB Conner Whitney | 0-0: Ball 1-0: Ball 2-0: Fly out, F9 (Flyball, 9LD) | Batting: RHB Ronald Hodge | 0-0: Called Strike 0-1: Ground out 5-3 (Groundball, 56S) | Batting: LHB Scott Perkins | 0-0: Foul Ball, location: 2F | |
---|
| | 0-1: Ball 1-1: Called Strike 1-2: Ground out 5-3 (Groundball, 56) | Bottom of the 6th over - 0 runs, 0 hits, 0 errors, 0 left on base; Saint John's 2 - Nebraska 0 | TOP OF THE 7TH |
---|
Saint John's Red Storm batting - Pitching for Nebraska Cornhuskers : RHP Júlio Ramos | Batting: LHB Larry Bradley | 0-0: Ball 1-0: Foul Ball, location: 2F 1-1: Called Strike 1-2: Fly out, F7 (Flyball, 7LM) | Batting: LHB Richard Shelton | 0-0: Foul Ball, location: 2F 0-1: Foul Ball, location: 2F 0-2: Fly out, F7 (Flyball, 78M) | Pitching: RHP Terry King | | Batting: SHB Javier Rosado | 0-0: Ball 1-0: Called Strike 1-1: Foul Ball, location: 2F 1-2: Foul Ball, location: 2F 1-2: Ball 2-2: Foul Ball, location: 2F 2-2: Ground out U3 (Groundball, 3) | Top of the 7th over - 0 runs, 0 hits, 0 errors, 0 left on base; Saint John's 2 - Nebraska 0 | BOTTOM OF THE 7TH |
---|
Nebraska Cornhuskers batting - Pitching for Saint John's Red Storm : RHP Daniel Bishop | Batting: LHB Luis García | 0-0: Ball 1-0: Ground out 1-3 (Groundball, P) | Batting: RHB Guy Bullard | 0-0: Swinging Strike 0-1: Called Strike 0-2: Ball 1-2: Foul Ball, location: 2F 1-2: Ground out 4-3 (Groundball, 34) | Batting: SHB David Stanley | 0-0: Foul Ball, location: 2F 0-1: Ball 1-1: Swinging Strike 1-2: Ball 2-2: SOLO HOME RUN (Line Drive, 9LD), Distance : 334 ft | Batting: RHB John Carr | 0-0: Ball 1-0: Foul Ball, location: 2F 1-1: Foul Ball, location: 2F 1-2: Strikes out swinging | Bottom of the 7th over - 1 run, 1 hit, 0 errors, 0 left on base; Saint John's 2 - Nebraska 1 | TOP OF THE 8TH |
---|
Saint John's Red Storm batting - Pitching for Nebraska Cornhuskers : RHP Terry King | Batting: LHB Roger Faulkner | 0-0: Ball 1-0: Ball 2-0: Called Strike 2-1: Ball 3-1: Ground out 6-3 (Groundball, 6) | Batting: SHB Timothy McBride | 0-0: Ball 1-0: Foul Ball, location: 2F 1-1: Called Strike 1-2: Strikes out swinging | Batting: RHB Mark Lester | 0-0: Ball 1-0: Ball 2-0: Foul Ball, location: 2F 2-1: Called Strike 2-2: Strikes out swinging | Top of the 8th over - 0 runs, 0 hits, 0 errors, 0 left on base; Saint John's 2 - Nebraska 1 | BOTTOM OF THE 8TH |
---|
Nebraska Cornhuskers batting - Pitching for Saint John's Red Storm : RHP Daniel Bishop | Pitching: RHP Andrew Luna | | Batting: LHB Edmund Bilbrey | 0-0: Foul Ball, location: 2F 0-1: Ball 1-1: Swinging Strike 1-2: Ball 2-2: Ball 3-2: Foul Ball, location: 2F 3-2: Base on Balls | Pinch Hitting: RHB António Cruz | 0-0: Ball 1-0: Bunt missed! 1-1: Sac Bunt - play at first, batter OUT! 1-4 Edmund Bilbrey to second | Pinch Hitting: SHB Carl Rivers | 0-0: Swinging Strike 0-1: Fly out, F8 (Flyball, 8RXD) Runner from 2nd tags up, SAFE at 3rd, no throw | Batting: RHB Ronald Hodge | 0-0: Called Strike 0-1: Foul Ball, location: 2F 0-2: Ball 1-2: Foul Ball, location: 2F 1-2: Strikes out swinging | Bottom of the 8th over - 0 runs, 0 hits, 0 errors, 1 left on base; Saint John's 2 - Nebraska 1 | TOP OF THE 9TH |
---|
Saint John's Red Storm batting - Pitching for Nebraska Cornhuskers : RHP Terry King | Now at 3B: Paco Cabrera | | Now in CF: Carl Rivers | | Batting: RHB Jarrod Campbell | 0-0: SINGLE (Flyball, 89S) | Batting: RHB Pete King | 0-0: Foul Ball, location: 2F 0-1: Foul Ball, location: 2F 0-2: SINGLE (Flyball, 9S) Jarrod Campbell to second Runner from 2nd tries for 3rd, OUT! | Batting: SHB Roderick Thurman | 0-0: Ball 1-0: Swinging Strike 1-1: Foul Ball, location: 2F 1-2: Foul Ball, location: 2F 1-2: Strikes out swinging | Batting: LHB Larry Bradley | 0-0: Called Strike 0-1: Called Strike 0-2: Foul Ball, location: 2F 0-2: Strikes out swinging | Top of the 9th over - 0 runs, 2 hits, 0 errors, 1 left on base; Saint John's 2 - Nebraska 1 | BOTTOM OF THE 9TH |
---|
Nebraska Cornhuskers batting - Pitching for Saint John's Red Storm : RHP Andrew Luna | Pitching: LHP Leonard Herrera | | Batting: LHB Scott Perkins | 0-0: Ground out 6-3 (Groundball, 6) | Batting: LHB Luis García | 0-0: Ball 1-0: Ball 2-0: Swinging Strike 2-1: Ball 3-1: Base on Balls | Batting: RHB Guy Bullard | 0-0: Ball 1-0: Foul Ball, location: 2F 1-1: Ball 2-1: Foul Ball, location: 2F 2-2: Fielders Choice at 2nd, 4-6 (Groundball, 34) | Batting: SHB David Stanley | 0-0: Called Strike 0-1: Ball 1-1: Ball 2-1: Called Strike 2-2: Foul Ball, location: 2F 2-2: Foul Ball, location: 2F 2-2: Ball 3-2: Base on Balls Guy Bullard to second | Batting: RHB John Carr | 0-0: Ball 1-0: Foul Ball, location: 2F 1-1: Swinging Strike 1-2: Fly out, F9 (Flyball, 89D) | Bottom of the 9th over - 0 runs, 0 hits, 0 errors, 2 left on base; Saint John's 2 - Nebraska 1 | | Saturday, December 16th, 2017 - OOTP Baseball 18.8 Build 76 | |